 Dungeon Crawl Stone Soup version 0.24-a0-252-g5076262 (webtiles) character file.

Game seed: 8182435688262253047

1754 Ijustatesigmund the Chopper (level 9, -11/59 HPs)
             Began as an Octopode Fighter on Apr 17, 2019.
             Mangled by Pikel
             ... wielding a +1 whip of electrocution
              (14 damage)
             ... on level 7 of the Dungeon.
             The game lasted 00:14:41 (6091 turns).

Ijustatesigmund the Chopper (Octopode Fighter)      Turns: 6091, Time: 00:14:43

Health: -11/59     AC:  3    Str: 15    XL:     9   Next: 6%
Magic:  12/12      EV: 13    Int: 11    God:
Gold:   434        SH:  9    Dex: 11    Spells: 8/8 levels left

rFire    . . .     SeeInvis +   a - +2 war axe
rCold    . . .     Gourm    .   b - +0 shield
rNeg     . . .     Faith    .   (helmet restricted)
rPois    +         Spirit   .   j - amulet of rage
rElec    .         Reflect  .   k - ring of see invisible
rCorr    .         Harm     .   t - -3 ring of dexterity (curse)
MR       .....                  (no ring)
Stlth    ++++......             (no ring)
HPRegen  0.19/turn              (no ring)
MPRegen  0.13/turn              (no ring)
                                (no ring)
                                (no ring)

@: no status effects
A: almost no armour, stealthy swim, amphibious, 8 rings, constrict 8, slimy
green scales 1, camouflage 1, poison resistance, gelatinous body 1
a: Evoke Berserk Rage


You were on level 7 of the Dungeon.
You were not hungry.

You visited 1 branch of the dungeon, and saw 7 of its levels.
You also visited: Ossuary.

You collected 434 gold pieces.

Inventory:

Hand Weapons
 a - a +2 war axe (weapon)
Armour
 b - a +0 shield (worn)
Jewellery
 j - an amulet of rage (around mantle)
 k - a ring of see invisible (left tentacle)
 t - a cursed -3 ring of dexterity (right tentacle)
Wands
 i - a wand of iceblast (1)
 n - a wand of flame (5)
 q - a wand of clouds (4)
Scrolls
 e - 3 scrolls of amnesia
 l - 2 scrolls of random uselessness
 r - a scroll of identify
Potions
 c - a potion of heal wounds
 g - 2 potions of agility
 h - 2 potions of flight
 m - 4 potions of curing
 o - a potion of mutation
Comestibles
 d - 7 rations


   Skills:
 + Level 4.6 Fighting
 + Level 6.9 Axes
 - Level 4.4 Dodging
 - Level 5.5 Stealth
 + Level 5.9 Shields
 - Level 4.1 Evocations


You had 8 spell levels left.
You didn't know any spells.
Your spell library contained the following spells:

 Spells                   Type           Power        Failure   Level  Hunger
 Corona                   Hex            #......      75%         1    ##.....
 Slow                     Hex            #.......     86%         2    ###....
 Inner Flame              Hex/Fire       #.......     98%         3    ####...
 Portal Projectile        Hex/Tloc       #.....       98%         3    ####...
 Cause Fear               Hex            #.........   100%        4    #####..
 Leda's Liquefaction      Hex/Erth       #.........   100%        4    #####..


Dungeon Overview and Level Annotations

Branches:
Dungeon (7/15)             Temple (0/1) D:4

Altars:
Dithmenos
Fedhas
Beogh

Shops:
D:5 [

Annotations:
D:6 Hylith's ghost, novice GnSu
D:7 Pikel


Innate Abilities, Weirdness & Mutations

You cannot wear most types of armour.
You are very stealthy in the water. (Stealth+)
You are amphibious.
You can wear up to eight rings at the same time.
You can use your tentacles to constrict eight enemies at once.
Your skin changes colour to match your surroundings (Stealth+).
Your rubbery body absorbs attacks. (AC +1, EV +1)
You are partially covered in slimy green scales. (AC +2)
Your system is resistant to poisons. (rPois)


Message History

Pikel hits you with a +1 whip of electrocution.
You are electrocuted!
You are too injured to fight recklessly!
You are too injured to fight recklessly!
You hit Pikel but do no damage.
Pikel is heavily wounded.
You constrict Pikel.
Pikel hits you with a +1 whip of electrocution.
You are electrocuted!
* * * LOW HITPOINT WARNING * * *
You hit Pikel but do no damage. You squeeze Pikel, but do no damage.
Pikel is heavily wounded.
You constrict Pikel, but do no damage. Pikel completely misses you.
You hit Pikel.
Pikel is severely wounded.
You constrict Pikel. You block Pikel's attack.
Pikel hits you with a +1 whip of electrocution.
* * * LOW HITPOINT WARNING * * *
You are electrocuted!
You die...

##### ######...#
#.#.######........#
....ppK@...####...#
#....####### ##.##
#.. #.# # #.# #.#
#####.# #.....#
#.....# #.....#


You could see Pikel and 2 slaves.

Vanquished Creatures
  Sigmund (D:2)
  2 wraiths (Ossuary)
  Menkaure (D:6)
  An ice beast (D:6)
  An orc warrior (D:6)
  A slave (D:7)
  An ogre (D:5)
  A bullfrog (D:7)
  A gnoll sergeant (D:6)
  3 wights (Ossuary)
  2 crimson imps (D:5)
  A jelly (D:7)
  2 hounds
  3 orc priests
  A centaur skeleton (D:4)
  An iguana (D:5)
  3 orc wizards
  2 worker ants
  A hound skeleton (D:6)
  7 adders
  4 gnolls (D:6)
  A shadow imp (D:5)
  2 adder zombies (Ossuary)
  2 worms
  A dart slug (D:3)
  3 leopard geckos
  20 orcs
  A ball python (D:2)
  5 giant cockroaches
  8 goblins
  4 hobgoblins
  4 jackals (D:1)
  A ball python skeleton (Ossuary)
  8 bats
  4 frilled lizards
  A hobgoblin skeleton (Ossuary)
  6 kobolds
  A kobold zombie (Ossuary)
  A leopard gecko zombie (D:5)
  An orc skeleton (Ossuary)
  2 orc zombies (Ossuary)
  5 rats
121 creatures vanquished.

Notes
Turn   | Place    | Note
-------+----------+-------------------------------------------
     0 | D:1      | Ijustatesigmund the Octopode Fighter began the quest for
                  | the Orb.
     0 | D:1      | Reached XP level 1. HP: 16/16 MP: 1/1
   155 | D:1      | Reached XP level 2. HP: 16/21 MP: 2/2
   671 | D:2      | Reached skill level 3 in Axes
   757 | D:2      | Gained mutation: Your system is resistant to poisons.
                  | (rPois) [potion of mutation]
   757 | D:2      | Gained mutation: You are partially covered in slimy green
                  | scales. (AC +2) [potion of mutation]
   764 | D:2      | HP: 1/21 [poisoned by an adder]
  1052 | D:2      | Reached XP level 3. HP: 26/26 MP: 3/3
  1284 | D:2      | Reached skill level 4 in Axes
  1359 | D:2      | Noticed Sigmund
  1369 | D:2      | Killed Sigmund
  1369 | D:2      | Reached skill level 5 in Axes
  1369 | D:2      | Reached XP level 4. HP: 14/31 MP: 4/4
  1369 | D:2      | Reached XP level 5. HP: 16/36 MP: 5/5
  1926 | D:3      | Reached XP level 6. HP: 33/42 MP: 6/6
  2105 | D:3      | Reached skill level 6 in Axes
  2435 | D:3      | Found a roughly hewn altar of Beogh.
  2719 | D:4      | Found a blossoming altar of Fedhas.
  2779 | D:4      | Found a sand-covered staircase.
  2855 | D:4      | Found a staircase to the Ecumenical Temple.
  2891 | Ossuary  | Entered an ossuary
  3074 | Ossuary  | Reached XP level 7. HP: 46/46 MP: 7/7
  3101 | Ossuary  | Noticed a flying skull
  3101 | Ossuary  | Noticed a wraith
  3110 | Ossuary  | Noticed a flying skull
  3112 | Ossuary  | Noticed a flying skull
  3282 | Ossuary  | Noticed a wraith
  3291 | Ossuary  | Killed a wraith
  3432 | Ossuary  | Noticed a wraith
  3441 | Ossuary  | Killed a wraith
  3916 | D:4      | Reached XP level 8. HP: 54/54 MP: 8/8
  4038 | D:4      | Reached skill level 1 in Stealth
  4322 | D:5      | Entered Level 5 of the Dungeon
  4358 | D:5      | Reached skill level 1 in Evocations
  4430 | D:5      | Found Deorech's Armour Shoppe.
  4436 | D:5      | Found a shadowy altar of Dithmenos.
  4655 | D:5      | You fall through a shaft!
  4655 | D:6      | Found a runed translucent door.
  5075 | D:6      | Reached skill level 5 in Shields
  5260 | D:6      | Reached skill level 5 in Stealth
  5524 | D:6      | Noticed Menkaure
  5530 | D:6      | Killed Menkaure
  5530 | D:6      | Reached XP level 9. HP: 44/59 MP: 10/12
  5707 | D:6      | Noticed Hylith's ghost (novice GnSu)
  6073 | D:7      | Noticed Pikel
  6091 | D:7      | Mangled by Pikel

Levels and vault maps discovered:
D:1:      enne_arrival_octagon_isle, layout_loops_ring
D:2:      layout_loops_corners, uniq_sigmund
D:3:      layout_basic, kennysheep_orc_chapel
D:4:      layout_basic, fedhas_altar_1, minmay_temple_entry_proselytizer,
          nicolae_ossuary_entry_false_entrances, minmay_misc_feat_four_crosses,
          hex_intersection, hangedman_feature_mirror
D:5:      layout_gridville, first_ration, serial_shops, shop, lemuel_tele_altar
D:6:      layout_rooms, ebering_ghost_reflecting_pool, uniq_menkaure
D:7:      layout_loops_corners, basic_altar, uniq_pikel
Ossuary:  ossuary_due_cavern

Skill      XL: |  1  2  3  4  5  6  7  8 |
---------------+-------------------------+-----
Axes           | 3 5 6 |  6.9
Fighting       | 4 |  4.6
Dodging        | 4 |  4.4
Shields        | 4 5 |  5.9
Stealth        | 5 |  5.5
Evocations     | 4 |  4.1

Action                   |  1- 3 |  4- 6 |  7- 9 || total
-------------------------+-------+-------+-------++-------
Melee: War axe           |    59 |    75 |   109 ||   243
       Constrict         |    13 |    22 |    19 ||    54
       Tentacles         |    11 |     7 |    24 ||    42
 Abil: Evoke Berserk Rag |       |       |     1 ||     1
Evoke: Wand              |       |       |    16 ||    16
  Use: Potion            |     2 |       |     3 ||     5
       Scroll            |     6 |     5 |     8 ||    19
 Stab: Sleeping          |     4 |    12 |    10 ||    26
  Eat: Chunk             |     1 |     6 |     5 ||    12
       Ration            |       |       |     2 ||     2
Armor: Skin              |     8 |    10 |    10 ||    28
Dodge: Dodged            |    29 |    27 |    51 ||   107
Block: Shield            |    23 |    29 |    39 ||    91

Table legend:
 A = Non-vault XP
 B = Vault XP
 C = Vault XP percentage of total XP
 D = Non-vault monster count
 E = Vault monster count
 F = Vault count percentage of total count
                 A         B        C        D         E       F
            +---------+---------+-------+---------+---------+-------
      Total |    1329 |    1178 |  47.0 |      99 |      21 |  17.5
            +---------+---------+-------+---------+---------+-------
        D:1 |      18 |       0 |   0.0 |      11 |       0 |   0.0
        D:2 |      63 |     223 |  78.0 |      23 |       1 |   4.2
        D:3 |      81 |      84 |  50.9 |      22 |       4 |  15.4
        D:4 |     105 |      83 |  44.1 |      10 |       2 |  16.7
        D:5 |     297 |       0 |   0.0 |       9 |       0 |   0.0
        D:6 |     630 |     169 |  21.2 |      22 |       1 |   4.3
        D:7 |     135 |       0 |   0.0 |       2 |       0 |   0.0
    Ossuary |       0 |     619 | 100.0 |       0 |      13 | 100.0
            +---------+---------+-------+---------+---------+-------
